 Dungeon Crawl Stone Soup version 0.22-a0-3-g4fa69d9a97 (webtiles) character file.

130 NixNut the Slasher (level 4, -2/35 HPs)
             Began as a Demonspawn Gladiator on Jan 1, 2018.
             Slain by 8fpsbossfight's ghost (7 damage)
             ... on level 3 of the Dungeon.
             The game lasted 00:12:24 (3028 turns).

NixNut the Slasher (Demonspawn Gladiator)           Turns: 3028, Time: 00:12:25

Health: -2/35      AC: 12    Str: 14 (15) XL:     4   Next: 89%
Magic:  4/4        EV:  4    Int: 10      God:
Gold:   122        SH:  0    Dex: 14      Spells: 3/3 levels left

rFire    . . .     SeeInvis .   a - +0 long sword
rCold    . . .     Gourm    .   (no shield)
rNeg     . . .     Faith    .   j - +0 plate armour
rPois    .         Spirit   .   (helmet restricted)
rElec    .         Reflect  .   (no cloak)
rCorr    .         Harm     .   (no gloves)
MR       .....                  (no boots)
Stlth    ..........             (no amulet)
HPRegen  0.11/turn              (no ring)
MPRegen  0.09/turn              (no ring)

@: no status effects
A: antennae 1, icy blue scales 1, rot immunity
a: no special abilities


You were on level 3 of the Dungeon.
You were hungry.

You visited 1 branch of the dungeon, and saw 3 of its levels.

You collected 122 gold pieces.

Inventory:

Hand Weapons
 a - a +0 long sword (weapon)
Missiles
 e - 14 poisoned needles
 q - 71 stones (quivered)
Armour
 b - a +0 leather armour
 j - a +0 plate armour (worn)
Jewellery
 h - an uncursed ring of flight {unknown}
 o - an uncursed ring of protection from cold {unknown}
Scrolls
 c - a scroll of enchant weapon {unknown}
 i - 4 scrolls of identify {unknown}
 k - a scroll of noise {unknown}
 l - a scroll of magic mapping {unknown}
 n - a scroll of amnesia {unknown}
 p - a scroll of remove curse {unknown}
 r - a scroll of teleportation {unknown}
Potions
 m - a potion of degeneration
Comestibles
 f - 3 rations


   Skills:
 + Level 3.0 Fighting
 * Level 3.9 Long Blades
 + Level 2.6 Throwing
 + Level 1.2 Armour
 - Level 2.6 Dodging


You had 3 spell levels left.
You didn't know any spells.

Dungeon Overview and Level Annotations

Branches:
Dungeon (3/15)

Altars:
Yredelemnul
Zin

Annotations:
D:3 8fpsbossfight's ghost, weakling MiMo


Innate Abilities, Weirdness & Mutations

You have a pair of small antennae on your head.
You are partially covered in icy blue scales. (AC +2)
You are immune to rotting.


Message History

8fpsbossfight's ghost closely misses you.
You riposte.
You hit 8fpsbossfight's ghost. 8fpsbossfight's ghost is severely damaged.
You closely miss 8fpsbossfight's ghost. 8fpsbossfight's ghost is severely damaged. 8fpsbossfight's ghost hits you but does no damage.
You closely miss 8fpsbossfight's ghost. 8fpsbossfight's ghost is severely damaged. 8fpsbossfight's ghost hits you but does no damage.
You hit 8fpsbossfight's ghost. 8fpsbossfight's ghost is almost destroyed.
You are feeling hungry. 8fpsbossfight's ghost barely misses you.
You riposte.
Your plate armour prevents you from hitting 8fpsbossfight's ghost. 8fpsbossfight's ghost is almost destroyed.
You closely miss 8fpsbossfight's ghost. 8fpsbossfight's ghost is almost destroyed. 8fpsbossfight's ghost hits you!
You die...

# #..<###.#
#.#......(# .#
#.#...###.# .#
#......<..# .#
###...###.#####.#
##...[..W.....#
#.####(###..## #.#
#(# #W.# #.# #W#
#@.# .######.#
#.###..# ....)...#
#...(..#
........####..##.##
..............##.#
####...#####..##(#
#...######.##.#
#......)......#
#.#.######.####


You could see 8fpsbossfight's ghost.

Vanquished Creatures
  An iguana (D:3)
  4 gnolls
  3 adders (D:2)
  2 worms
  A dart slug (D:1)
  3 orcs (D:2)
  A bat (D:2)
  2 giant cockroaches
  2 goblins
  5 hobgoblins
  2 kobolds (D:2)
  3 frilled lizards
  5 rats
34 creatures vanquished.

Notes
Turn   | Place    | Note
-------+----------+-------------------------------------------
     0 | D:1      | NixNut the Demonspawn Gladiator began the quest for the Orb.
     0 | D:1      | Reached XP level 1. HP: 16/16 MP: 1/1
   318 | D:1      | Gained mutation: You are immune to rotting. [demonic ancestry]
   318 | D:1      | Reached XP level 2. HP: 22/22 MP: 2/2
  1117 | D:2      | Gained mutation: You are partially covered in icy blue scales. (AC +2) [demonic ancestry]
  1117 | D:2      | Reached XP level 3. HP: 23/28 MP: 3/3
  1676 | D:2      | Found a glowing silver altar of Zin.
  1787 | D:1      | Gained mutation: You have a pair of small antennae on your head. [demonic ancestry]
  1787 | D:1      | Reached XP level 4. HP: 22/34 MP: 4/4
  2206 | D:2      | Found a basalt altar of Yredelemnul.
  2222 | D:2      | Reached skill level 1 in Armour
  2781 | D:3      | Noticed 8fpsbossfight's ghost (weakling MiMo)
  3028 | D:3      | Slain by 8fpsbossfight's ghost

Vault maps used:
D:1:      evilmike_arrival_run_for_it
D:2:      overflow_temple_1_default, yredelemnul_altar_generic

Skill      XL: |  1  2  3  4 |
---------------+-------------+-----
Long Blades    | 3 |  3.9
Throwing       | 2 |  2.6
Armour         | 1 |  1.2
Fighting       | 3 |  3.0
Dodging        | |  2.6

Action                   |  1- 3 |  4- 6 || total
-------------------------+-------+-------++-------
Melee: Long sword        |    96 |    84 ||   180
Throw: Stone             |       |     4 ||     4
       Throwing net      |       |     4 ||     4
  Use: Potion            |     2 |       ||     2
  Eat: Chunk             |     3 |       ||     3
       Ration            |       |     1 ||     1
Armor: Plate armour      |    64 |    58 ||   122
       Leather armour    |     1 |       ||     1
Dodge: Dodged            |    27 |    14 ||    41
       Rpst.: Long sword |    11 |     6 ||    17

Table legend:
 A = Spawn XP
 B = Non-spawn XP
 C = Spawn XP percentage of total XP
 D = Spawn monster count
 E = Non-spawn monster count
 F = Spawn count percentage of total count
 G = Total turns spent on level
                    A         B        C        D         E        F      G
               +---------+---------+-------+---------+---------+-------+---------
         Total |       0 |     186 |   0.0 |       0 |      34 |   0.0 |  3028
               +---------+---------+-------+---------+---------+-------+---------
           D:1 |       0 |      63 |   0.0 |       0 |      13 |   0.0 |  1259
           D:2 |       0 |      84 |   0.0 |       0 |      18 |   0.0 |  1263
           D:3 |       0 |      39 |   0.0 |       0 |       3 |   0.0 |   506
               +---------+---------+-------+---------+---------+-------+---------
